 Dungeon Crawl Stone Soup version 0.31-a0-1338-gb567cfdca4 (webtiles) character file.

Game seed: 17618110736381862083

8553 Rennog the Mimic (level 11, -7/92 HPs)
             Began as an Octopode Shapeshifter on Dec 21, 2023.
             Was a High Priest of Makhleb.
             Killed by divine providence
             ... invoked by a meliai
              (16 damage)
             ... on level 11 of the Dungeon on Dec 22, 2023.
             The game lasted 00:21:23 (10036 turns).

Rennog the Mimic (Octopode Shapeshifter)           Turns: 10036, Time: 00:21:23

Health: -7/92      AC:  9    Str: 22    XL:     11   Next: 32%
Magic:  11/11      EV: 11    Int: 12    God:    Makhleb [*****.]
Gold:   599        SH:  5    Dex: 13    Spells: 10/10 levels left

rFire   + .          .
                       - Unarmed
rCold   + . .        (shield currently unavailable)
rNeg    . . .        (helmet currently unavailable)
rPois   +            D - amulet of reflection
rElec   .            i - ring of protection from fire
rCorr   .            s - +4 ring of slaying
SInv    .            y - ring of protection from cold
Will    .....        (no ring)
Stlth   +            (no ring)
HPRegen 0.35/turn    (no ring)
MPRegen 0.12/turn    (no ring)
                     (no ring)

%: reflection
@: snake-form
A: constrict, boosted hp, almost no armour, amphibious, 8 rings, large,
(camouflage 1), (gelatinous body 1), (nimble swimmer 1), (tentacles)
a: Begin Untransformation, Renounce Religion, Minor Destruction, Lesser Servant
of Makhleb, Major Destruction, Greater Servant of Makhleb


You were on level 11 of the Dungeon.
You worshipped Makhleb.
Makhleb was extremely pleased with you.
You were an enormous serpent.
You visited 1 branch of the dungeon, and saw 11 of its levels.
You also visited: Ossuary.

You collected 899 gold pieces.
You spent 300 gold pieces at shops.

Inventory:

Missiles
 L - a throwing net
Armour
 F - a +2 kite shield
Jewellery
 i - a ring of protection from fire (left tentacle)
 s - a +4 ring of slaying (right tentacle)
 y - a ring of protection from cold (on tentacle)
 D - an amulet of reflection (around neck)
 K - a ring of fire
Talismans
 b - a beast talisman
 c - a flux talisman
 u - a serpent talisman (active)
 z - a blade talisman
Wands
 v - a wand of flame (6)
 w - a wand of iceblast (23)
 A - a wand of digging (5)
 J - a wand of charming (3)
 M - a wand of mindburst (5)
Scrolls
 a - a scroll of enchant weapon {unknown}
 f - 3 scrolls of identify {unknown}
 g - a scroll of immolation {unknown}
 m - a scroll of fog {unknown}
 o - a scroll of poison {unknown}
 p - 2 scrolls of brand weapon {unknown}
 t - a scroll of silence {unknown}
 x - 2 scrolls of enchant armour
 B - 3 scrolls of amnesia {unknown}
 C - a scroll of noise {unknown}
 I - a scroll of fear
Potions
 d - a potion of magic {unknown}
 e - 7 potions of degeneration {unknown}
 h - 3 potions of berserk rage {unknown}
 j - a potion of haste {unknown}
 k - a potion of curing
 l - a potion of ambrosia {unknown}
 n - 2 potions of brilliance {unknown}
 q - a potion of enlightenment {unknown}
 r - 4 potions of heal wounds {unknown}
 E - a potion of lignification
 G - a potion of attraction {unknown}
 H - a potion of invisibility {unknown}
Miscellaneous
 N - a phial of floods


   Skills:
 + Level 8.2 Fighting
 + Level 4.8 Dodging
 * Level 10.0 Unarmed Combat
 + Level 0.6 Invocations
 + Level 10.8 Shapeshifting


You had 10 spell levels left.
You didn't know any spells.
Your spell library contained the following spells:

 Spells                   Type           Power      Damage    Failure   Level
 Kiss of Death            Conj/Necr      0%         2d5       32%         1
 Jinxbite                 Hex            0%         N/A       45%         2
 Sublimation of Blood     Necr           0%         N/A       45%         2
 Confusing Touch          Hex            0%         N/A       69%         3
 Ozocubu's Armour         Ice            0%         N/A       69%         3
 Tukima's Dance           Hex            0%         N/A       69%         3
 Volatile Blastmotes      Fire/Tloc      0%         2d10      69%         3
 Dimensional Bullseye     Hex/Tloc       0%         N/A       97%         4
 Dispel Undead            Necr           0%         3d6       97%         4
 Fulminant Prism          Conj/Alch      0%         3d5       97%         4
 Iskenderun's Mystic Bla  Conj/Tloc      0%         2d3       97%         4
 Petrify                  Alch/Erth      0%         N/A       97%         4
 Irradiate                Conj/Alch      0%         3d11      100%        5
 Metabolic Englaciation   Hex/Ice        0%         N/A       100%        5
 Yara's Violent Unravell  Hex/Alch       0%         3d3       100%        5
 Simulacrum               Ice/Necr       0%         N/A       100%        6
 Enfeeble                 Hex            0%         N/A       100%        7


Dungeon Overview and Level Annotations

Branches:
Dungeon (11/15)            Temple (0/1) D:4            Lair (0/5) D:9
    Orc (0/2) D:9         Ossuary (visited)

Altars:
Ashenzari
Cheibriados
Elyvilon
Hepliaklqana
Kikubaaqudgha
Makhleb
Nemelex Xobeh
Okawaru
Qazlal
Trog
Uskayaw
Wu Jian
Yredelemnul
Zin

Shops:
D:3 [   D:7 *   D:8 [   D:9 [(


Innate Abilities, Weirdness & Mutations

You are an enormous serpent.
You have a powerful constriction melee attack.
Your maximum health is increased.
Your armour is entirely melded.
You are incapable of wielding weapons or throwing items.
You cannot wear most types of armour.
You are amphibious.
You can wear up to eight rings at the same time.
((Your skin changes colour to match your surroundings (Stealth+).))
((Your rubbery body absorbs attacks. (AC +1, EV +1)))
((You are camouflaged when in or above water. (Stealth+)))
((You have tentacles for arms and can constrict up to eight enemies at once.))


Message History

The meliai closely misses you.
The meliai calls down the wrath of its god upon you.
Something smites you! You block the meliai's attack.
The meliai closely misses you.
You hit the meliai but do no damage.
The meliai is severely wounded.
You constrict the meliai. The meliai hits you with a +0 hand axe.
The meliai stings you. You block the meliai's attack.
The meliai stings you but does no damage.
You lash the meliai!
You kill the meliai!
Makhleb accepts your kill.
You feel better. The meliai hits you with a +0 war axe.
You block the meliai's attack. The meliai hits you with a +0 war axe!
* * * LOW HITPOINT WARNING * * *
The meliai completely misses you.
Your Unarmed Combat skill increases to level 10!
You hit the meliai but do no damage. You grab the meliai.
You constrict the meliai. The meliai hits you but does no damage.
The meliai barely misses you.
You lash the meliai!
The meliai is heavily wounded.
You constrict the meliai, but do no damage.
The meliai hits you with a +0 war axe!
* * * LOW HITPOINT WARNING * * *
The meliai stings you but does no damage.
You block the meliai's attack. The meliai barely misses you.
You hit the meliai but do no damage.
The meliai is heavily wounded.
You constrict the meliai. The meliai hits you with a +0 war axe!
* * * LOW HITPOINT WARNING * * *
The meliai stings you.
* * * LOW HITPOINT WARNING * * *
The meliai closely misses you. You block the meliai's attack.
You feel better.
You constrict the meliai, but do no damage.
You block the meliai's attack. The meliai closely misses you.
The meliai mumbles some strange prayers to its god against you.
Something smites you!
You die...

y..# ..y####
#..... #.... .y.
##### #.# #...#
#.#
###...####'#######
#.....'.S$........
#.#...###y........
####+#...#
#.........
#.....####
#......... #.....#
#......... #.....#
##########
#.....#######
#.....'[....####
#.....###......#


You could see a meliai.

Vanquished Creatures
  A death yak (D:8)
  A two-headed ogre (D:10)
  An elephant (D:8)
  2 meliai (D:11)
  2 hornets
  A wyvern (D:8)
  9 yaks
  Eustachio (D:5)
  2 vampire mosquitoes (D:9)
  An acid dragon (D:9)
  A water moccasin (D:5)
  2 sky beasts
  6 orc warriors
  4 ice beasts
  2 black bears
  An ogre (D:6)
  4 centaurs
  A phantom (D:7)
  An elf zombie (Ossuary)
  2 kobold brigands
  3 gnoll sergeants
  4 bullfrogs
  A scorpion (D:6)
  14 wights
  2 howler monkeys
  2 centaur zombies (Ossuary)
  2 hounds
  2 human zombies (Ossuary)
  5 orc priests
  2 iguanas
  7 orc wizards
  Ijyb (D:5)
  2 mummies (Ossuary)
  10 adders
  15 gnolls
  A bombardier beetle (D:3)
  A white imp (D:7)
  4 ufetubi
  2 adder zombies (Ossuary)
  2 worms (D:3)
  6 dart slugs
  63 orcs
  5 bats
  4 endoplasms
  A giant cockroach (D:4)
  2 goblins (D:3)
  6 hobgoblins
  3 jackals (D:1)
  9 kobolds
  3 quokkas
  4 ball pythons
  3 frilled lizards
  A goblin zombie (Ossuary)
  9 hobgoblin zombies (Ossuary)
  4 jackal zombies (Ossuary)
  9 kobold zombies (Ossuary)
  7 orc zombies (Ossuary)
  4 rats
270 creatures vanquished.

Notes
Turn   | Place    | Note
-------+----------+-------------------------------------------
     0 | D:1      | Rennog the Octopode Shapeshifter began the quest for the
                  | Orb.
     0 | D:1      | Reached XP level 1. HP: 13/13 MP: 1/1
    38 | D:1      | Reached XP level 2. HP: 14/18 MP: 2/2
   316 | D:1      | Reached XP level 3. HP: 17/23 MP: 3/3
   510 | D:2      | Found a faded altar of an unknown god.
   529 | D:2      | Prayed at the altar of an unknown god.
   529 | D:2      | Became a worshipper of Makhleb the Destroyer
   529 | D:2      | Reached * piety under Makhleb
   641 | D:2      | Reached XP level 4. HP: 6/28 MP: 4/4
   797 | D:2      | Found a snail-covered altar of Cheibriados.
  1005 | D:3      | Found a broken altar of Ashenzari.
  1177 | D:3      | Reached XP level 5. HP: 28/33 MP: 5/5
  1367 | D:3      | Found Uziwin's Armour Boutique.
  1458 | D:3      | Found a white marble altar of Elyvilon.
  1460 | D:3      | Reached skill level 5 in Shapeshifting
  1631 | D:3      | Reached ** piety under Makhleb
  1761 | D:4      | Found an iron altar of Okawaru.
  2447 | D:4      | Found a staircase to the Ecumenical Temple.
  2607 | D:5      | Entered Level 5 of the Dungeon
  2664 | D:5      | Reached XP level 6. HP: 27/38 MP: 6/6
  2805 | D:5      | Noticed a yak
  2805 | D:5      | Noticed a yak
  2805 | D:5      | Noticed a yak
  3012 | D:4      | HP: 1/38 [orc/+0 flail (6)]
  3237 | D:6      | Found a glowing silver altar of Zin.
  3292 | D:6      | Found a snail-covered altar of Cheibriados.
  3292 | D:6      | Found a stormy altar of Qazlal.
  3292 | D:6      | Found a bloodstained altar of Trog.
  3336 | D:6      | Noticed a sky beast
  3345 | D:6      | Found a sand-covered staircase.
  3358 | Ossuary  | Entered an ossuary
  3583 | Ossuary  | Reached XP level 7. HP: 37/43 MP: 7/7
  3613 | Ossuary  | Reached *** piety under Makhleb
  3969 | D:5      | Noticed Ijyb
  3979 | D:5      | Killed Ijyb
  4132 | D:5      | Noticed Eustachio
  4391 | D:6      | Found an ancient bone altar of Kikubaaqudgha.
  4407 | D:6      | Noticed a hornet
  4579 | D:7      | Reached XP level 8. HP: 45/49 MP: 8/8
  4735 | D:7      | Found a sparkling altar of Nemelex Xobeh.
  4983 | D:7      | Reached skill level 5 in Unarmed Combat
  5162 | D:7      | Found a hide-covered altar of Uskayaw.
  5193 | D:7      | Found Gugav's Neck Hole.
  5201 | D:7      | Bought an amulet of reflection for 300 gold pieces
  5449 | D:8      | Reached XP level 9. HP: 15/58 MP: 9/9
  5629 | D:8      | Reached **** piety under Makhleb
  5707 | D:8      | Found Wuibb's Antique Armour Boutique.
  5784 | D:8      | HP: 1/63 [centaur/arrow (11)]
  6444 | D:9      | Found Hicepnor's Weapon Shoppe.
  6453 | D:9      | Reached skill level 5 in Fighting
  6838 | D:9      | Noticed an elephant
  6858 | D:8      | Killed an elephant
  6987 | D:9      | Noticed a death yak
  7131 | D:6      | Found a hazy altar of Hepliaklqana.
  7382 | D:6      | Reached XP level 10. HP: 69/69 MP: 10/10
  7386 | D:6      | Found a burning altar of Makhleb.
  7433 | D:6      | Reached skill level 10 in Shapeshifting
  8130 | D:5      | Killed Eustachio
  8328 | D:8      | Killed a death yak
  8429 | D:9      | Found a staircase to the Lair.
  8606 | D:9      | Reached ***** piety under Makhleb
  8887 | D:9      | Found an ornate altar of the Wu Jian Council.
  8913 | D:9      | Found a staircase to the Orcish Mines.
  8913 | D:9      | Found Fupnimub's Armour Shoppe.
  9074 | D:10     | Entered Level 10 of the Dungeon
  9127 | D:10     | Reached XP level 11. HP: 76/76 MP: 11/11
  9321 | D:10     | Noticed a two-headed ogre
  9328 | D:10     | Killed a two-headed ogre
  9633 | D:10     | Found a basalt altar of Yredelemnul.
 10033 | D:11     | Reached skill level 10 in Unarmed Combat
 10035 | D:11     | HP: 4/92 [meliai/+0 war axe (12)]
 10036 | D:11     | Killed from afar by a meliai

Illustrated notes

Levels and vault maps discovered:
D:1:      nicolae_arrival_memento_mori, layout_rooms
D:2:      wad_woods_stonehenge, layout_basic, hellmonk_ecumenical_altar_run_dry,
          fountainhead, nrook_mini_vaults, uniq_robin
D:3:      kennysheep_big_flooded_room, layout_rooms,
          nicolae_overflow_crystal_walls, evilmike_ruin_ashenzari, serial_shops,
          shop, chequers_jeans
D:4:      layout_basic, mainiacjoe_overflow_boulevard,
          minmay_temple_entry_nine_rooms, grunt_ministairs_6
D:5:      layout_loops_ring, uniq_ijyb, uniq_eustachio
D:6:      layout_basic, zin_treasury, gammafunk_temple_overflow_claw,
          mainiacjoe_overflow_tiny_flanked, old_standard_altar,
          worldfamousw_hep_ancestral_shrine, chequers_ossuary_entry_cave,
          nicolae_the_louvre
D:7:      layout_basic, mainiacjoe_overflow_surrounded_room,
          mainiacjoe_overflow_six_doors_small, nicolae_shop_sticking_my_neck_out
D:8:      layout_basic, serial_shops, nicolae_shop_advertising_works
          [nicolae_subvault_shop_adworks]
D:9:      layout_rooms, nicolae_wu_jian_immortal_techniques, david_lair_generic,
          orc_david_3, serial_glass, glass_columns_a, glass_columns_c,
          chequers_decorated_corner
D:10:     layout_roguey [special_room_orc], lemuel_crystal_altar, nicolae_titane
D:11:     layout_basic, serial_shops, nicolae_shop_rolling_square

Skill      XL: |  1  2  3  4  5  6  7  8  9 10 11 |
---------------+----------------------------------+-----
Shapeshifting  | 4 5 7 8 9 10 | 10.8
Unarmed Combat | 4 5 7 9 10 | 10.0
Fighting       | 4 6 7 8 |  8.2
Dodging        | 4 |  4.8
Invocations    | |  0.6

Action                     |  1- 3 |  4- 6 |  7- 9 | 10-12 || total
---------------------------+-------+-------+-------+-------++-------
  Melee: Unarmed           |    68 |   124 |   228 |   184 ||   604
         Constrict         |    17 |    41 |    61 |    49 ||   168
         Tentacles         |     8 |    30 |    27 |       ||    65
         Punch             |     2 |     9 |       |       ||    11
    Use: Potion            |       |     3 |     5 |     1 ||     9
         Scroll            |       |     2 |     5 |       ||     7
   Stab: Sleeping          |     3 |     6 |     1 |       ||    10
 Armour: Skin              |    25 |    57 |   192 |   107 ||   381
  Dodge: Dodged            |    46 |    62 |   168 |    55 ||   331
  Block: Other             |       |       |    29 |    34 ||    63
         Reflection        |       |       |     1 |     1 ||     2
   Form: Serpent           |       |       |     1 |       ||     1
         Flux              |       |       |     1 |       ||     1

Table legend: (Time is in decaauts)
 A = Elapsed time spent in this place.
 B = Non-inter-level travel time spent in this place.
 C = Inter-level travel time spent in this place.
 D = Time resting spent in this place.
 E = Time spent auto-exploring this place.
 F = Levels seen in this place.
 G = Mean time per level.
                   A        B        C        D        E       F      G
               +--------+--------+--------+--------+--------+-----+--------+
         Total |   9984 |   9059 |    925 |   1387 |   5888 |  12 |  832.0 |
       Dungeon |   9653 |   8728 |    925 |   1387 |   5743 |  11 |  877.5 |
       Ossuary |    331 |    331 |      0 |      0 |    145 |   1 |  331.0 |
               +--------+--------+--------+--------+--------+-----+--------+

Top non-repeatable levels by time:
     D:4: 1612 daAuts
     D:7: 1405 daAuts
     D:8: 1347 daAuts
     D:5: 973 daAuts
     D:6: 926 daAuts
    D:10: 823 daAuts
     D:9: 772 daAuts
     D:3: 769 daAuts
     D:1: 585 daAuts
 Ossuary: 331 daAuts
     D:2: 315 daAuts
    D:11: 120 daAuts
